 Dungeon Crawl Stone Soup version 0.19.0-11-g3fc08b3 (webtiles) character file.

137 Gargoyl the Skirmisher (level 5, 42/42 HPs)
             Began as a Demonspawn Abyssal Knight on Nov 10, 2016.
             Was a Follower of Lugonu.
             Quit the game on level 2 of the Dungeon.
             The game lasted 00:03:28 (2329 turns).

Gargoyl the Skirmisher (Demonspawn Abyssal Knight)  Turns: 2329, Time: 00:03:29

Health: 42/42      AC: 12    Str: 14    XL:     5   Next: 0%
Magic:  7/7        EV:  4    Int: 13    God:    Lugonu [*.....]
Gold:   230        SH:  0    Dex: 12    Spells: 0 memorised, 4 levels left

rFire  . . .     SeeInvis .     a - +1 hand axe
rCold  . . .     Gourm    .     d - +0 plate armour
rNeg   . . .     Faith    .     (no shield)
rPois  .         Spirit   +     (no helmet)
rElec  .         Reflect  .     (no cloak)
rCorr  .         Harm     .     m - +0 pair of gloves
MR     .....                    (no boots)
Stlth  ..........               (no amulet)
                                (no ring)
                                (no ring)

@: no status effects
A: powered by pain 1, magic shield
a: Depart the Abyss, Renounce Religion


You were on level 2 of the Dungeon.
You worshipped Lugonu.
Lugonu was aware of your devotion.
You were not hungry.

You visited 1 branch of the dungeon, and saw 2 of its levels.
You visited the Abyss 1 time.

You collected 230 gold pieces.

Inventory:

Hand Weapons
 a - a +1 hand axe (weapon)
Armour
 d - a +0 plate armour (worn)
 m - a +0 pair of gloves (worn)
Scrolls
 b - a scroll of fog {unknown}
 i - a scroll of identify {unknown}
 j - a scroll of immolation {unknown}
 k - 2 scrolls of remove curse
Potions
 e - a potion of mutation {unknown}
 g - a potion of berserk rage {unknown}
 h - 2 potions of resistance {unknown}
 n - a potion of curing {unknown}
 p - a potion of agility {unknown}
Comestibles
 c - 2 bread rations
 f - a beef jerky
 l - a slice of pizza
 o - 3 chunks of flesh


   Skills:
 + Level 4.0 Fighting
 + Level 2.5 Axes
 * Level 3.1 Armour
 + Level 0.8 Dodging
 * Level 3.3 Invocations


You had 4 spell levels left.
You didn't know any spells.

Dungeon Overview and Level Annotations

Branches:
Dungeon (2/15)

Altars:


Innate Abilities, Weirdness & Mutations

You sometimes gain a little power by taking damage.
When hurt, damage is shared between your health and your magic reserves.


Message History

A hobgoblin is nearby!
The hobgoblin shouts!
There is an open door, spattered with blood here.
You closely miss the hobgoblin.
The hobgoblin hits you but does no damage.
You barely miss the hobgoblin.
The hobgoblin hits you but does no damage.
You hit the hobgoblin.
The hobgoblin is heavily wounded.
The hobgoblin hits you but does no damage.
You hit the hobgoblin.
You kill the hobgoblin!
Lugonu accepts your kill.
You have reached level 5!
Your demonic ancestry asserts itself...
You feel your magical essence form a protective shroud around your flesh.
You see here a hobgoblin corpse.
You butcher the hobgoblin corpse.
o - 3 chunks of flesh Are you sure you want to abandon this character and quit the game? (Confirm with "yes".)

..... .......#.........#
... .....
.................+ ...
.....
.<......######...#....
.....
##....#............... ####
# +....'............... ...
#.#+###....#....<..........
...
#........###.......########
.... #........###.......#
#### #........'@..#'#####
#........#.......#
.......###.......# .......
+.......# ....... #.......#
....... #.......# .......
#.....[.# ....... #.......#
##.....


There were no monsters in sight!

Vanquished Creatures
  Terence (D:2)
  6 adders (D:2)
  An ooze (D:2)
  A leopard gecko (D:1)
  3 goblins
  8 hobgoblins
  6 jackals
  6 kobolds
  9 bats
  3 frilled lizards
  6 rats
50 creatures vanquished.

Notes
Turn   | Place    | Note
-------+----------+-------------------------------------------
     0 | Abyss:1  | Gargoyl the Demonspawn Abyssal Knight began the quest for the Orb.
     0 | Abyss:1  | Reached XP level 1. HP: 18/18 MP: 2/2
    32 | Abyss:2  | Found a corrupted altar of Lugonu.
    79 | Abyss:2  | Noticed a wretched star
    80 | D:1      | Escaped the Abyss
   217 | D:1      | Gained mutation: You sometimes gain a little power by taking damage. [demonic ancestry]
   217 | D:1      | Reached XP level 2. HP: 13/24 MP: 3/3
   740 | D:1      | Reached * piety under Lugonu
  1277 | D:2      | Noticed Terence
  1297 | D:2      | Killed Terence
  1297 | D:2      | Reached XP level 3. HP: 19/30 MP: 3/5
  1535 | D:2      | Reached XP level 4. HP: 34/37 MP: 6/6
  1756 | D:2      | Reached skill level 4 in Fighting
  2325 | D:2      | Gained mutation: When hurt, damage is shared between your health and your magic reserves. [demonic ancestry]
  2325 | D:2      | Reached XP level 5. HP: 42/42 MP: 7/7
  2329 | D:2      | Quit the game

Skill      XL: |  1  2  3  4 |
---------------+-------------+-----
Armour         | 2 3 |  3.1
Axes           | 2 |  2.5
Invocations    | 3 |  3.3
Fighting       | 4 |  4.0
Dodging        | |  0.8

Action                   |  1- 3 |  4- 6 || total
-------------------------+-------+-------++-------
Melee: Hand axe          |   136 |    80 ||   216
Invok: Depart the Abyss  |     1 |       ||     1
  Use: Scroll            |     1 |       ||     1
  Eat: Chunk             |     2 |     3 ||     5
Armor: Plate armour      |   138 |    89 ||   227
Dodge: Dodged            |    27 |    26 ||    53
